 Dungeon Crawl Stone Soup version 0.31-a0-263-ge8cad7f256 (webtiles) character file.

Game seed: 6955172657930635119

13 qw the Shooter (level 2, -2/24 HPs)
             Began as a Minotaur Hexslinger on July 13, 2023.
             Slain by a kobold
             ... wielding a +0 club
              (4 damage)
             ... on level 1 of the Dungeon.
             The game lasted 00:00:05 (101 turns).

qw the Shooter (Minotaur Hexslinger)                 Turns: 101, Time: 00:00:06

Health: -2/24      AC:  2    Str: 12    XL:     2   Next: 24%
Magic:  2/2        EV: 12    Int: 10    God:
Gold:   0          SH:  0    Dex: 12    Spells: 2/3 levels left

rFire   . . .        a - +1 sling
rCold   . . .        (no shield)
rNeg    . . .        c - +0 robe
rPois   .            (helmet restricted)
rElec   .            (no cloak)
rCorr   .            (no gloves)
SInv    .            (no boots)
Will    .....        (no amulet)
Stlth   +            (no ring)
HPRegen 0.24/turn    (no ring)
MPRegen 0.08/turn

%: no passive effects
@: no status effects
A: horns 2, retaliatory headbutt
a: no special abilities


You were on level 1 of the Dungeon.
You visited 1 branch of the dungeon, and saw 1 of its levels.


Innate Abilities, Weirdness & Mutations

You have a pair of horns on your head.
You reflexively headbutt those who attack you in melee.


   Skills:
 + Level 1.8 Fighting
 - Level 3.0 Ranged Weapons
 - Level 2.1 Dodging
 - Level 1.0 Spellcasting
 - Level 2.0 Hexes


You had 2 spell levels left.
You knew the following spells:

 Your Spells              Type           Power      Damage    Failure   Level
a - Slow                  Hex            16%        N/A       16%         1

Your spell library contained the following spells:

 Spells                   Type           Power      Damage    Failure   Level
 Inner Flame              Hex/Fire       2%         N/A       56%         3
 Portal Projectile        Hex/Tloc       4%         N/A       56%         3
 Cause Fear               Hex            2%         N/A       83%         4

Inventory:

Hand Weapons
 a - a +1 sling (weapon)
Armour
 c - a +0 robe (worn)
Scrolls
 b - a scroll of poison
 d - 4 scrolls of teleportation {unknown}
Potions
 e - a potion of berserk rage {unknown}
 f - a potion of degeneration {unknown}

Dungeon Overview and Level Annotations

Branches:
Dungeon (1/15)

Altars:


Message History

The sling bullet closely misses the ball python.
The ball python closely misses you. The ball python grabs you.
The ball python constricts you. The ball python barely misses you.
The ball python constricts you. The hobgoblin barely misses you.
You furiously retaliate!
You headbutt the hobgoblin!
You kill the hobgoblin!
You shoot a sling bullet.
The sling bullet hits the ball python but does no damage.
The ball python closely misses you. The ball python constricts you.
You shoot a sling bullet. The sling bullet hits the ball python.
The ball python is heavily wounded.
The ball python bites you. The ball python constricts you.
The hobgoblin barely misses you.
The ball python bites you but does no damage.
The ball python constricts you.
You shoot a sling bullet.
The sling bullet closely misses the ball python.
The hobgoblin hits you. The kobold hits you with a +0 club.
The ball python barely misses you. The ball python constricts you.
You shoot a sling bullet.
The sling bullet barely misses the ball python.
The ball python completely misses you. The ball python constricts you.
The hobgoblin barely misses you. You furiously retaliate!
You headbutt the hobgoblin. The kobold hits you with a +0 club.
The ball python bites you. The ball python constricts you.
The hobgoblin closely misses you. The kobold hits you with a +0 club.
You shoot a sling bullet. The sling bullet hits the ball python.
You kill the ball python!
The hobgoblin hits you. The kobold hits you with a +0 club.
You shoot a sling bullet. The sling bullet hits the hobgoblin.
You kill the hobgoblin!
The kobold closely misses you.
You shoot a sling bullet.
The sling bullet hits the kobold but does no damage.
The kobold misses you. You furiously retaliate!
You headbutt the kobold, but do no damage.
You shoot a sling bullet.
The sling bullet barely misses the kobold.
The kobold hits you with a +0 club.
You die...

#.# #.##.### .......
#.#######......# ..:....
........#.##.... .......
##...#.##.... #......
#......###.## #[.....
#......# #.# ......)
#......# #.##
......K#####......###...
.......@..##............
..................######
.....%............#
...............####
#.........####.#
#...####### #.# #### #.#
.#


You could see a kobold.

Vanquished Creatures
  2 ball pythons (D:1)
  An endoplasm (D:1)
  3 goblins (D:1)
  3 hobgoblins (D:1)
  2 bats (D:1)
11 creatures vanquished.

Notes
Turn   | Place    | Note
-------+----------+-------------------------------------------
     0 | D:1      | qw the Minotaur Hexslinger began the quest for the Orb.
     0 | D:1      | Reached XP level 1. HP: 16/16 MP: 1/1
     0 | D:1      | 0 ||| qw: Version: 0.3-a-52-g30416fa
     0 | D:1      | 0 ||| qw: Game counter: 7357
     0 | D:1      | 0 ||| qw: Melee chars always use a shield: true
     0 | D:1      | 0 ||| qw: God list: Okawaru
     0 | D:1      | 0 ||| qw: Allow faded altars: false
     0 | D:1      | 0 ||| qw: Do Orc after clearing Dungeon:15 true
     0 | D:1      | 0 ||| qw: Do second Lair branch before Depths: true
     0 | D:1      | 0 ||| qw: Lair rune preference: random
     0 | D:1      | 0 ||| qw: Goals: Normal
     0 | D:1      | 0 ||| PLANNING D:1-11
    89 | D:1      | Reached skill level 3 in Ranged Weapons
    91 | D:1      | Reached XP level 2. HP: 21/23 MP: 2/2
    98 | D:1      | HP: 3/23 [hobgoblin (4)]
    98 | D:1      | HP: 1/23 [kobold/+0 club (2)]
   101 | D:1      | Slain by a kobold

Levels and vault maps discovered:
D:1:      lemuel_arrival_lava_pool, layout_basic

Skill      XL: |  1 |
---------------+----+-----
Ranged Weapons | 3 |  3.0
Fighting       | |  1.8
Dodging        | |  2.1
Spellcasting   | |  1.0
Hexes          | |  2.0

Action                     || total
---------------------------++-------
   Fire: Sling             ||    28
 Armour: Robe              ||     2
  Dodge: Dodged            ||    14

Table legend:
 A = Non-vault XP
 B = Vault XP
 C = Vault XP percentage of total XP
 D = Non-vault monster count
 E = Vault monster count
 F = Vault count percentage of total count
                 A         B        C        D         E       F
            +---------+---------+-------+---------+---------+-------
      Total |      19 |       0 |   0.0 |      11 |       0 |   0.0
            +---------+---------+-------+---------+---------+-------
        D:1 |      19 |       0 |   0.0 |      11 |       0 |   0.0
            +---------+---------+-------+---------+---------+-------
